 Dungeon Crawl Stone Soup version 0.28.0-45-g0d030f2227 (webtiles) character file.

Game seed: 9033598517973868221

17 protoss039 the Sneak (level 2, 0/13 HPs)
             Began as a Spriggan Enchanter on May 15, 2022.
             Killed from afar by a dart slug (4 damage)
             ... with a slug dart
             ... on level 1 of the Dungeon.
             The game lasted 00:01:47 (674 turns).

protoss039 the Sneak (Spriggan Enchanter)            Turns: 674, Time: 00:01:48

Health: 0/13       AC:  2    Str:  4    XL:     2   Next: 44%
Magic:  6/6        EV: 17    Int: 16    God:
Gold:   16         SH:  0    Dex: 15    Spells: 4/6 levels left

rFire   . . .      SeeInvis +   a - +1 dagger
rCold   . . .      Faith    .   (no shield)
rNeg    . . .      Spirit   .   b - +0 robe
rPois   .          Reflect  .   (helmet restricted)
rElec   .          Harm     .   (no cloak)
rCorr   .          Rampage  .   (gloves unavailable)
Will    .....                   (boots unavailable)
Stlth   +++.......              (no amulet)
HPRegen 0.04/turn               (no ring)
MPRegen 0.10/turn               (no ring)

@: very quick
A: very small, no large weapons, unfitting armour, see invisible, speed 3
a: no special abilities


You were on level 1 of the Dungeon.
You visited 1 branch of the dungeon, and saw 1 of its levels.

You collected 16 gold pieces.

Inventory:

Hand Weapons
 a - a +1 dagger (weapon)
Missiles
 f - 10 stones (quivered)
Armour
 b - a +0 robe (worn)
Scrolls
 e - a scroll of noise {unknown}
 g - a scroll of summoning {unknown}
Potions
 c - a potion of invisibility
 d - 2 potions of brilliance {unknown}


   Skills:
 - Level 1.1 Short Blades
 - Level 3.0 Dodging
 + Level 5.5 Stealth
 * Level 2.8 Spellcasting
 * Level 3.7 Hexes


You had 4 spell levels left.
You knew the following spells:

 Your Spells              Type           Power      Damage    Failure   Level
a - Ensorcelled Hibernat  Hex/Ice        16%        N/A       14%         2

Your spell library contained the following spells:

 Spells                   Type           Power      Damage    Failure   Level
 Confusing Touch          Hex            14%        N/A       13%         3
 Tukima's Dance           Hex            14%        N/A       13%         3
 Dazzling Flash           Conj/Hex       16%        N/A       26%         3


Dungeon Overview and Level Annotations

Branches:
Dungeon (1/15)

Altars:


Innate Abilities, Weirdness & Mutations

You are very small and have problems with some larger weapons.
You are too small for most types of armour.
You have supernaturally acute eyesight. (SInv)
You cover ground extremely quickly. (Speed+++)


Message History

The jackal misses you.
The dart slug briefly extends its eye-stalks.
You aren't carrying any items that you can evoke.
Unknown command.
You barely miss the jackal.
The jackal is severely wounded.
The jackal misses you. The jackal bites you.
You barely miss the jackal.
The jackal is severely wounded.
The jackal barely misses you.
You hit the jackal but do no damage.
The jackal is severely wounded.
The jackal closely misses you. The jackal bites you.
You hit the jackal.
You kill the jackal!
You hit the jackal.
The jackal is heavily wounded.
The jackal misses you.
You hit the jackal.
The jackal is severely wounded.
The jackal barely misses you. The jackal bites you.
You hit the jackal.
You kill the jackal!
You hit the jackal.
The jackal is moderately wounded.
The jackal bites you. The jackal completely misses you.
You barely miss the jackal.
The jackal bites you but does no damage.
You barely miss the jackal. The jackal misses you.
You hit the jackal.
The jackal is heavily wounded.
The jackal closely misses you. The jackal bites you.
You barely miss the jackal.
The jackal is heavily wounded.
The jackal barely misses you.
You hit the jackal.
You kill the jackal!
The dart slug launches a dart at you. The slug dart hits you.
You die...

.# .............. .#.# #.#
###........... ...# #.#
#####...#### ...# ... ###...##
.#.# #.# #......# S#.#
#.#######.#....# .#.#
#.##.........#[# ...#
#.##.####.####.# w..#
######@#.......####.#
.#.########(..w†....###.......#
...w........#####.....#†.##....
##.########## #...#.......###
#.# ##..###..#### ..#
#.......#### #### #..........#
#.########.# #.# #)#


You could see a dart slug.

Vanquished Creatures
  2 giant cockroaches (D:1)
  2 hobgoblins (D:1)
  6 jackals (D:1)
  A ball python (D:1)
  A frilled lizard (D:1)
  A goblin (D:1)
  2 kobolds (D:1)
  A rat (D:1)
16 creatures vanquished.

Notes
Turn   | Place    | Note
-------+----------+-------------------------------------------
     0 | D:1      | protoss039 the Spriggan Enchanter began the quest for the
                  | Orb.
     0 | D:1      | Reached XP level 1. HP: 9/9 MP: 5/5
   134 | D:1      | Reached skill level 5 in Stealth
   367 | D:1      | Reached XP level 2. HP: 13/13 MP: 6/6
   541 | D:1      | Found a faded altar of an unknown god.
   563 | D:1      | Learned a level 2 spell: Ensorcelled Hibernation
   674 | D:1      | Killed from afar by a dart slug

Illustrated notes

Levels and vault maps discovered:
D:1:      minmay_arrival_five_plusses, layout_loops_cross,
          dreamdust_ecumenical_altar_angels_and_demons

Skill      XL: |  1 |
---------------+----+-----
Dodging        | 3 |  3.0
Stealth        | 5 |  5.5
Short Blades   | |  1.1
Spellcasting   | |  2.8
Hexes          | |  3.7

Action                   || total
-------------------------++-------
Melee: Dagger            ||    89
       Punch             ||     1
Throw: Stone             ||    12
 Stab: Sleeping          ||     2
Armor: Robe              ||     9
Dodge: Dodged            ||    82
